| TOP OF THE 1ST |
|
Washington (APP) Nationals batting - Pitching for Danville Braves : RHP Jose Rivero
|
|
Pitching: RHP Jose Rivero
|
|
|
Batting: RHB Victor Rojas
|
0-0: Ball 1-0: Ball 2-0: Called Strike 2-1: Swinging Strike 2-2: Ball 3-2: Base on Balls
|
|
Batting: RHB Jess Thomas
|
0-0: Called Strike 0-1: Called Strike Victor Rojas is caught stealing 2nd base 2-4 0-2: Ball 1-2: Strikes out looking
|
|
Batting: RHB Billy Williamson
|
0-0: Foul Ball, location: 2F 0-1: Ball 1-1: Swinging Strike 1-2: Strikes out swinging
|
| Top of the 1st over - 0 runs, 0 hits, 0 errors, 0 left on base; Washington (APP) 0 - Danville 0 |
| BOTTOM OF THE 1ST |
|
Danville Braves batting - Pitching for Washington (APP) Nationals : RHP Luke Cook
|
|
Pitching: RHP Luke Cook
|
|
|
Batting: RHB Danny Dimas
|
0-0: Ball 1-0: DOUBLE (Line Drive, 3D, EV 93.8 MPH)
|
|
Batting: RHB Mennad Maalik
|
0-0: Ball 1-0: Ground out U3 (Groundball, 34S, EV 80.6 MPH) Danny Dimas to third
|
|
Batting: RHB Richard Saquic
|
0-0: Ground out 5-3 (Groundball, 56S, EV 68.8 MPH) Danny Dimas scores
|
|
Batting: RHB Rodolfo Cosme
|
0-0: Foul Ball, location: 2F 0-1: Swinging Strike 0-2: Foul Ball, location: 2F 0-2: Ball 1-2: DOUBLE (Line Drive, 78XD, EV 103.1 MPH)
|
|
Batting: RHB Paul Holland
|
0-0: Ball 1-0: Called Strike 1-1: Foul Ball, location: 2F 1-2: Ball 2-2: Foul Ball, location: 2F 2-2: Ball 3-2: Foul Ball, location: 2F 3-2: Fly out, F7 (Flyball, 7, EV 89.4 MPH)
|
| Bottom of the 1st over - 1 run, 2 hits, 0 errors, 1 left on base; Washington (APP) 0 - Danville 1 |
| TOP OF THE 2ND |
|
Washington (APP) Nationals batting - Pitching for Danville Braves : RHP Jose Rivero
|
|
Batting: RHB Akira Ishihara
|
0-0: SOLO HOME RUN (Flyball, 8LXD, EV 108.1 MPH), Distance : 429 ft
|
|
Batting: SHB John Husson
|
0-0: Ball 1-0: SINGLE (Groundball, 4MD, EV 95.0 MPH)
|
|
Batting: RHB Ivan Torres
|
0-0: Foul Ball, location: 2F 0-1: Foul Ball, location: 2F 0-2: Strikes out swinging
|
|
Batting: SHB Tim Schulz
|
0-0: 2-RUN HOME RUN (Flyball, 9D, EV 96.2 MPH), Distance : 354 ft
|
|
Batting: RHB Ben Lowe
|
0-0: Swinging Strike 0-1: Reached on error, E1 (Groundball, 13, EV 62.5 MPH)
|
|
Batting: RHB Jason Curry
|
0-0: Ball 1-0: Foul Ball, location: 2F 1-1: Fielders Choice at 2nd, 4-6 (Groundball, 4, EV 91.9 MPH)
|
|
Batting: RHB Victor Rojas
|
0-0: Called Strike 0-1: Foul Ball, location: 2F 0-2: Ball 1-2: Ball 2-2: Ball 3-2: SINGLE (Line Drive, 4D, EV 107.5 MPH) Jason Curry to second Jason Curry to third
|
|
Batting: RHB Jess Thomas
|
0-0: Ball 1-0: Ball 2-0: Ball 3-0: Called Strike 3-1: Called Strike 3-2: Base on Balls Victor Rojas to second
|
|
Batting: RHB Billy Williamson
|
0-0: Ball 1-0: Fly out, F8 (Flyball, 8RM, EV 81.9 MPH)
|
| Top of the 2nd over - 3 runs, 4 hits, 1 error, 3 left on base; Washington (APP) 3 - Danville 1 |
| BOTTOM OF THE 2ND |
|
Danville Braves batting - Pitching for Washington (APP) Nationals : RHP Luke Cook
|
|
Batting: RHB Ricardo Joya
|
0-0: Ball 1-0: Called Strike 1-1: Ball 2-1: Swinging Strike 2-2: Ball 3-2: Strikes out looking
|
|
Batting: RHB Alex Guerra
|
0-0: Ball 1-0: Called Strike 1-1: Foul Ball, location: 2F 1-2: Ball 2-2: Fly out, F7 (Flyball, 7S, EV 77.5 MPH)
|
|
Batting: RHB Aaron Sartini
|
0-0: Ball 1-0: Foul Ball, location: 2F 1-1: Ball 2-1: Foul Ball, location: 2F 2-2: Ball 3-2: Strikes out looking
|
| Bottom of the 2nd over - 0 runs, 0 hits, 0 errors, 0 left on base; Washington (APP) 3 - Danville 1 |
| TOP OF THE 3RD |
|
Washington (APP) Nationals batting - Pitching for Danville Braves : RHP Jose Rivero
|
|
Batting: RHB Akira Ishihara
|
0-0: Ball 1-0: Called Strike 1-1: Ground out 6-3 (Groundball, 6, EV 86.2 MPH)
|
|
Batting: SHB John Husson
|
0-0: Foul Ball, location: 2F 0-1: Fly out, F9 (Flyball, 89D, EV 90.6 MPH)
|
|
Batting: RHB Ivan Torres
|
0-0: Ball 1-0: Called Strike 1-1: Ball 2-1: SINGLE (Groundball, 56D, EV 102.5 MPH)
|
|
Batting: SHB Tim Schulz
|
0-0: Called Strike 0-1: Ball 1-1: Foul Ball, location: 2F 1-2: Foul Ball, location: 2F 1-2: Ball 2-2: Foul Ball, location: 2F 2-2: Ball 3-2: Ground out 5-3 (Groundball, 5, EV 92.5 MPH)
|
| Top of the 3rd over - 0 runs, 1 hit, 0 errors, 1 left on base; Washington (APP) 3 - Danville 1 |
| BOTTOM OF THE 3RD |
|
Danville Braves batting - Pitching for Washington (APP) Nationals : RHP Luke Cook
|
|
Batting: RHB Chad Starnes
|
0-0: Ball 1-0: Foul Ball, location: 2F 1-1: Ball 2-1: Foul Ball, location: 2F 2-2: Strikes out swinging
|
|
Batting: RHB Danny Dimas
|
0-0: Ball 1-0: Ball 2-0: Called Strike 2-1: Foul Ball, location: 2F 2-2: Foul Ball, location: 2F 2-2: Ball 3-2: Ground out 5-3 (Groundball, 15, EV 88.1 MPH)
|
|
Batting: RHB Mennad Maalik
|
0-0: Foul Ball, location: 2F 0-1: Ball 1-1: Ball 2-1: Ball 3-1: SOLO HOME RUN (Line Drive, 7LD, EV 98.1 MPH), Distance : 355 ft
|
|
Batting: RHB Richard Saquic
|
0-0: Called Strike 0-1: Foul Ball, location: 2F 0-2: Fly out, F8 (Flyball, 8RXD, EV 90.6 MPH)
|
| Bottom of the 3rd over - 1 run, 1 hit, 0 errors, 0 left on base; Washington (APP) 3 - Danville 2 |
| TOP OF THE 4TH |
|
Washington (APP) Nationals batting - Pitching for Danville Braves : RHP Jose Rivero
|
|
Batting: RHB Ben Lowe
|
0-0: Ball 1-0: Swinging Strike 1-1: Called Strike 1-2: Foul Ball, location: 2F 1-2: Strikes out swinging
|
|
Batting: RHB Jason Curry
|
0-0: SINGLE (Flyball, 89S, EV 96.2 MPH)
|
|
Batting: RHB Victor Rojas
|
0-0: Ball 1-0: SINGLE (Line Drive, 6D, EV 98.1 MPH) Jason Curry to second
|
|
Batting: RHB Jess Thomas
|
0-0: Called Strike 0-1: Foul Ball, location: 2F 0-2: Strikes out swinging
|
|
Batting: RHB Billy Williamson
|
0-0: Ball 1-0: Called Strike 1-1: Called Strike 1-2: Strikes out swinging
|
| Top of the 4th over - 0 runs, 2 hits, 0 errors, 2 left on base; Washington (APP) 3 - Danville 2 |
| BOTTOM OF THE 4TH |
|
Danville Braves batting - Pitching for Washington (APP) Nationals : RHP Luke Cook
|
|
Batting: RHB Rodolfo Cosme
|
0-0: Ball 1-0: Ball 2-0: Ball 3-0: Base on Balls
|
|
Batting: RHB Paul Holland
|
0-0: Ball 1-0: Ball 2-0: Ground out 6-3 (Groundball, 6MD, EV 111.2 MPH) Rodolfo Cosme to second
|
|
Batting: RHB Ricardo Joya
|
0-0: Hit by Pitch
|
|
Batting: RHB Alex Guerra
|
0-0: Ball 1-0: Fielders Choice at 2nd, 6-4 (Groundball, 6M, EV 81.2 MPH) Rodolfo Cosme to third
|
|
Batting: RHB Aaron Sartini
|
0-0: Called Strike 0-1: Fielders Choice at 2nd, 5-4 (Groundball, 5, EV 103.1 MPH)
|
| Bottom of the 4th over - 0 runs, 0 hits, 0 errors, 2 left on base; Washington (APP) 3 - Danville 2 |
| TOP OF THE 5TH |
|
Washington (APP) Nationals batting - Pitching for Danville Braves : RHP Jose Rivero
|
|
Batting: RHB Akira Ishihara
|
0-0: Called Strike 0-1: Ball 1-1: Swinging Strike 1-2: Ball 2-2: SOLO HOME RUN (Flyball, 78XD, EV 93.8 MPH), Distance : 373 ft
|
|
Batting: SHB John Husson
|
0-0: Ball 1-0: Ball 2-0: Swinging Strike 2-1: Swinging Strike 2-2: Foul Ball, location: 2F 2-2: Ground out 4-3 (Groundball, 4, EV 102.5 MPH)
|
|
Batting: RHB Ivan Torres
|
0-0: Foul Ball, location: 2F 0-1: Ball 1-1: Foul Ball, location: 2F 1-2: Strikes out swinging
|
|
Batting: SHB Tim Schulz
|
0-0: Ball 1-0: Swinging Strike 1-1: Ground out 6-3 (Groundball, 6, EV 78.1 MPH)
|
| Top of the 5th over - 1 run, 1 hit, 0 errors, 0 left on base; Washington (APP) 4 - Danville 2 |
| BOTTOM OF THE 5TH |
|
Danville Braves batting - Pitching for Washington (APP) Nationals : RHP Luke Cook
|
|
Batting: RHB Chad Starnes
|
0-0: Ball 1-0: Called Strike 1-1: Ball 2-1: Ball 3-1: SOLO HOME RUN (Flyball, 7LD, EV 90.0 MPH), Distance : 326 ft
|
|
Batting: RHB Danny Dimas
|
0-0: Called Strike 0-1: Reached on error, E6 (Groundball, 6, EV 78.8 MPH)
|
|
Batting: RHB Mennad Maalik
|
0-0: Ball 1-0: Ball 2-0: Ball 3-0: Called Strike 3-1: Called Strike 3-2: Ground out 4-3 (Groundball, 4MS, EV 88.1 MPH) Danny Dimas to third
|
|
Pitching: RHP Ramiro Ramirez
|
|
|
Batting: RHB Richard Saquic
|
0-0: Foul Ball, location: 2F 0-1: Ball 1-1: Foul Ball, location: 2F 1-2: Ball 2-2: Ball 3-2: SINGLE (Groundball, 56, EV 107.5 MPH) Danny Dimas scores
|
|
Batting: RHB Rodolfo Cosme
|
0-0: Called Strike 0-1: Ball 1-1: Called Strike 1-2: Foul Ball, location: 2F 1-2: Strikes out swinging
|
|
Batting: RHB Paul Holland
|
0-0: Called Strike Richard Saquic steals 2nd base 0-1: SINGLE (Groundball, 56D, EV 100.6 MPH) Richard Saquic to third Runner from 3rd tries for Home, SAFE, throw by LF to home
|
|
Batting: RHB Ricardo Joya
|
0-0: Ball 1-0: Swinging Strike 1-1: Fielders Choice at 2nd, 6-4 (Groundball, 6, EV 80.6 MPH)
|
| Bottom of the 5th over - 3 runs, 3 hits, 1 error, 1 left on base; Washington (APP) 4 - Danville 5 |
| TOP OF THE 6TH |
|
Washington (APP) Nationals batting - Pitching for Danville Braves : RHP Jose Rivero
|
|
Pitching: RHP Jairo Picano
|
|
|
Pinch Hitting: RHB Jose Ortiz
|
0-0: Ball 1-0: Ball 2-0: Swinging Strike 2-1: SINGLE (Line Drive, 9S, EV 99.4 MPH)
|
|
Batting: RHB Jason Curry
|
0-0: Called Strike 0-1: Ball Jose Ortiz is caught stealing 2nd base 2-4 1-1: Ground out 6-3 (Groundball, 6, EV 92.5 MPH)
|
|
Batting: RHB Victor Rojas
|
0-0: Ball 1-0: Foul Ball, location: 2F 1-1: Fly out, F7 (Flyball, 7D, EV 88.8 MPH)
|
| Top of the 6th over - 0 runs, 1 hit, 0 errors, 0 left on base; Washington (APP) 4 - Danville 5 |
| BOTTOM OF THE 6TH |
|
Danville Braves batting - Pitching for Washington (APP) Nationals : RHP Ramiro Ramirez
|
|
Now in LF: Alex Gonzalez
|
|
|
Batting: RHB Alex Guerra
|
0-0: Called Strike 0-1: SINGLE (Groundball, 4MD, EV 91.2 MPH) (infield hit)
|
|
Batting: RHB Aaron Sartini
|
0-0: Foul Ball, location: 2F 0-1: Swinging Strike 0-2: Ball 1-2: Fielders Choice at 2nd, 1-4 (Groundball, 15S, EV 64.4 MPH)
|
|
Batting: RHB Chad Starnes
|
0-0: Ball 1-0: Called Strike Aaron Sartini steals 2nd, throwing error, E2 Aaron Sartini to third 1-1: Swinging Strike 1-2: Ball 2-2: Ball 3-2: Fly out, F7 (Flyball, 7S, EV 88.8 MPH)
|
|
Batting: RHB Danny Dimas
|
0-0: Called Strike 0-1: Swinging Strike 0-2: Strikes out looking
|
| Bottom of the 6th over - 0 runs, 1 hit, 1 error, 1 left on base; Washington (APP) 4 - Danville 5 |
| TOP OF THE 7TH |
|
Washington (APP) Nationals batting - Pitching for Danville Braves : RHP Jairo Picano
|
|
Batting: RHB Jess Thomas
|
0-0: Foul Ball, location: 2F 0-1: Fly out, F8 (Flyball, 8RM, EV 95.6 MPH)
|
|
Batting: RHB Billy Williamson
|
0-0: Called Strike 0-1: Called Strike 0-2: Strikes out swinging
|
|
Batting: RHB Akira Ishihara
|
0-0: Foul Ball, location: 2F 0-1: Ground out 5-3 (Groundball, 56S, EV 68.1 MPH)
|
| Top of the 7th over - 0 runs, 0 hits, 0 errors, 0 left on base; Washington (APP) 4 - Danville 5 |
| BOTTOM OF THE 7TH |
|
Danville Braves batting - Pitching for Washington (APP) Nationals : RHP Ramiro Ramirez
|
|
Pitching: RHP Faradur Bhutani
|
|
|
Batting: RHB Mennad Maalik
|
0-0: Ball 1-0: Ball 2-0: Called Strike 2-1: Called Strike 2-2: Ground out 4-3 (Groundball, 4, EV 84.4 MPH)
|
|
Batting: RHB Richard Saquic
|
0-0: Ball 1-0: Ball 2-0: Ball 3-0: Called Strike 3-1: Foul Ball, location: 2F 3-2: Foul Ball, location: 2F 3-2: Foul Ball, location: 2F 3-2: Base on Balls
|
|
Batting: RHB Rodolfo Cosme
|
0-0: Called Strike Richard Saquic steals 2nd base (no throw) 0-1: Swinging Strike 0-2: Fly out, F7 (Flyball, 7D, EV 90.0 MPH)
|
|
Batting: RHB Paul Holland
|
0-0: Intentional Walk
|
|
Batting: RHB Ricardo Joya
|
0-0: Ball Wild Pitch! Richard Saquic to third Paul Holland to second 1-0: Intentional Walk
|
|
Batting: RHB Alex Guerra
|
0-0: Ball 1-0: Swinging Strike 1-1: Ball 2-1: Swinging Strike 2-2: Ball 3-2: Strikes out swinging
|
| Bottom of the 7th over - 0 runs, 0 hits, 0 errors, 3 left on base; Washington (APP) 4 - Danville 5 |
| TOP OF THE 8TH |
|
Washington (APP) Nationals batting - Pitching for Danville Braves : RHP Jairo Picano
|
|
Batting: SHB John Husson
|
0-0: SINGLE (Line Drive, 8RS, EV 100.0 MPH)
|
|
Pitching: LHP Jimmy Bolton
|
|
|
Batting: RHB Ivan Torres
|
0-0: Ball 1-0: Bunted foul 1-1: Ball 2-1: Sac Bunt to 5S - play at first, batter OUT! 5-4 John Husson to second
|
|
Batting: SHB Tim Schulz
|
0-0: Called Strike 0-1: Ball 1-1: SINGLE (Flyball, 8RS, EV 90.0 MPH) John Husson to third
|
|
Pinch Hitting: RHB Ryan Wright
|
0-0: Fly out, F8 (Flyball, 8LD, EV 100.0 MPH) Runner from 3rd tags up, OUT at HOME! 8-2
|
| Top of the 8th over - 0 runs, 2 hits, 0 errors, 1 left on base; Washington (APP) 4 - Danville 5 |
| BOTTOM OF THE 8TH |
|
Danville Braves batting - Pitching for Washington (APP) Nationals : RHP Faradur Bhutani
|
|
Now in LF: Jess Thomas
|
|
|
Now in RF: Armando Moreno
|
|
|
Batting: RHB Aaron Sartini
|
0-0: Ground out 5-3 (Groundball, 56, EV 77.5 MPH)
|
|
Batting: RHB Chad Starnes
|
0-0: Ball 1-0: Swinging Strike 1-1: Swinging Strike 1-2: Strikes out swinging
|
|
Batting: RHB Danny Dimas
|
0-0: Called Strike 0-1: Ground out 6-3 (Groundball, 6, EV 85.6 MPH)
|
| Bottom of the 8th over - 0 runs, 0 hits, 0 errors, 0 left on base; Washington (APP) 4 - Danville 5 |
| TOP OF THE 9TH |
|
Washington (APP) Nationals batting - Pitching for Danville Braves : LHP Jimmy Bolton
|
|
Pitching: RHP Outa Tamura
|
|
|
Now at 1B: Paul Holland
|
|
|
Now at 2B: Bart Stevensdick
|
|
|
Now at SS: Vicente Guillen
|
|
|
Batting: RHB Jason Curry
|
0-0: Ball 1-0: Ball 2-0: Called Strike 2-1: Ball 3-1: Foul Ball, location: 2F 3-2: Strikes out looking
|
|
Batting: RHB Victor Rojas
|
0-0: Swinging Strike 0-1: Ball 1-1: Swinging Strike 1-2: Strikes out swinging
|
|
Batting: RHB Jess Thomas
|
0-0: Called Strike 0-1: Ball 1-1: Ball 2-1: Fly out, F7 (Flyball, 7LS, EV 87.5 MPH)
|
| Top of the 9th over - 0 runs, 0 hits, 0 errors, 0 left on base; Washington (APP) 4 - Danville 5 |
|